 Dungeon Crawl Stone Soup version 0.31-a0-466-g98c9adc2b6 (webtiles) character file.

Game seed: 5686628327574420314

2460788 FlatIsJustice the Slayer (level 27, 283/283 HPs)
             Began as a Naga Fighter on Aug 5, 2023.
             Was the Champion of Cheibriados.
             Escaped with the Orb
             ... and 4 runes!
             The game lasted 02:46:43 (65998 turns).

FlatIsJustice the Slayer (Naga Fighter)            Turns: 65998, Time: 02:46:44

Health: 283/283    AC: 46    Str: 44    XL:     27
Magic:  40/40      EV: 19    Int: 33    God:    Cheibriados [******]
Gold:   6248       SH: 30    Dex: 25    Spells: 53/53 levels left

rFire   + + +        b - +9 broad axe (flame)
rCold   + + +        c - +6 tower shield {reflect}
rNeg    + + .        k - +8 gold dragon scales
rPois   +            W - -2 hat of the Alchemist {rElec rPois rF+ rC+ rN+ Will+ rMut rCorr}
rElec   +            w - scarf {rC+ rF+}
rCorr   +            I - +2 pair of gloves
SInv    +            o - +0 barding
Will    ++++.        Q - amulet of regeneration Stlth
                     g - +5 ring of evasion
HPRegen 1.47/turn    m - ring of Arog {rN+ AC+4 Str-3 Int+6}
MPRegen 0.27/turn

%: reflection, resist mutation
@: very slow
A: AC +9, large, see invisible, deformed body, poison resistance, slowness 2,
spit poison 1, naga tail 2, deterioration 1, screaming 1, strong 1, MP-powered
wands
0: Orb of Zot
}: 4/15 runes: serpentine, barnacled, slimy, silver
a: Spit Poison, Renounce Religion, Bend Time, Temporal Distortion, Slouch, Step
From Time


You escaped.
You worshipped Cheibriados.
Cheibriados was exalted by your worship.
You visited 15 branches of the dungeon, and saw 63 of its levels.
You visited 1 bazaar.
You also visited: Ossuary, Bailey, Gauntlet and Wizlab.

You collected 7472 gold pieces.
You spent 1224 gold pieces at shops.

Inventory:

Hand Weapons
 a - the +7 broad axe "Pomaf" {freeze, rF++ Dex+5 Stlth-}
   (You acquired it on level 1 of the Shoals)

   Dex:       It affects your dexterity (+5).
   rF:        It greatly protects you from fire.
   Stlth:     It makes you less stealthy.
 b - a +9 broad axe of flaming (weapon)
 v - a +7 morningstar of holy wrath
Missiles
 f - 18 boomerangs (quivered)
 y - 5 throwing nets
 N - 19 javelins
 V - 10 silver javelins
 Y - 3 curare-tipped darts
Armour
 c - a +6 tower shield of reflection (worn)
 k - +8 gold dragon scales (worn)
 o - a +0 barding (worn)
 w - a scarf of resistance (worn)
 z - the +7 pearl dragon scales "Hongonai" {rN+ Will+ Int+3}
   (You found it on level 3 of the Crypt)

   Int:       It affects your intelligence (+3).
   rN:        It protects you from negative energy.
   Will:      It increases your willpower.
 I - a +2 pair of gloves (worn)
 T - the +10 plate armour "Genoab" {+Inv rN++ Str-2 Slay+3}
   (You found it on level 5 of the Vaults)

   Str:       It affects your strength (-2).
   Slay:      It affects your accuracy & damage with ranged weapons and melee
   (+3).
   rN:        It greatly protects you from negative energy.
   +Inv:      It lets you turn invisible.
 W - the -2 hat of the Alchemist (worn) {rElec rPois rF+ rC+ rN+ Will+ rMut rCorr}
   (You found it in a Gauntlet)

   rF:        It protects you from fire.
   rC:        It protects you from cold.
   rElec:     It insulates you from electricity.
   rPois:     It protects you from poison.
   rN:        It protects you from negative energy.
   rCorr:     It protects you from acid and corrosion.
   rMut:      It protects you from mutation.
   Will:      It increases your willpower.
Jewellery
 g - a +5 ring of evasion (left hand)
 m - the ring of Arog (right hand) {rN+ AC+4 Str-3 Int+6}
   (You took it off a naga on level 1 of the Snake Pit)

   [ring of protection]

   AC:        It affects your AC (+4).
   Str:       It affects your strength (-3).
   Int:       It affects your intelligence (+6).
   rN:        It protects you from negative energy.
 C - a ring of protection from fire
 L - the ring "Gity" {rC++ rN+ Int+3 Dex-3}
   (You acquired it on level 1 of the Tomb of the Ancients)

   [ring of positive energy]

   Int:       It affects your intelligence (+3).
   Dex:       It affects your dexterity (-3).
   rC:        It greatly protects you from cold.
   rN:        It protects you from negative energy.
 O - a ring of willpower
 Q - an amulet of regeneration (around neck)
 Z - a ring of resist corrosion
Wands
 j - a wand of mindburst (13)
 p - a wand of quicksilver (18)
 s - a wand of iceblast (49)
 x - a wand of digging (7)
 G - a wand of charming (51)
Scrolls
 h - 4 scrolls of torment
 n - 9 scrolls of revelation
 u - 4 scrolls of silence
 E - 6 scrolls of poison
 F - 3 scrolls of summoning
 K - 14 scrolls of teleportation
 P - 6 scrolls of fear
 U - 8 scrolls of blinking
Potions
 d - 5 potions of might
 i - 20 potions of curing
 q - 4 potions of mutation
 r - 12 potions of attraction
 t - 17 potions of enlightenment
 A - 9 potions of resistance
 B - 9 potions of heal wounds
 D - 16 potions of ambrosia
 H - 4 potions of invisibility
 J - 5 potions of cancellation
 R - a potion of berserk rage
Miscellaneous
 e - a phial of floods
 l - a phantom mirror
 M - a condenser vane
 S - a lightning rod (4/4)
 X - the horn of Geryon


   Skills:
 * Level 23.4 Fighting
 - Level 18.0 Axes
 + Level 16.0 Throwing
 * Level 19.0 Armour
 + Level 14.5 Dodging
 - Level 15.0 Stealth
 * Level 20.2 Shields
 + Level 13.9 Spellcasting
 - Level 13.1 Invocations
 + Level 19.1 Evocations


You had 53 spell levels left.
You didn't know any spells.
Your spell library contained the following spells:

 Spells                   Type           Power      Damage    Failure   Level
 Apportation              Tloc           46%        N/A       14%         1
 Foxfire                  Conj/Fire      92%        2x1d8     14%         1
 Kiss of Death            Conj/Necr      92%        2d12      14%         1
 Magic Dart               Conj           92%        1d7       14%         1
 Necrotise                Necr           92%        1d8       14%         1
 Sandblast                Erth           46%        2d11      14%         1
 Slow                     Hex            92%        N/A       14%         1
 Summon Small Mammal      Summ           92%        N/A       14%         1
 Blink                    Tloc           46%        N/A       22%         2
 Call Imp                 Summ           46%        N/A       22%         2
 Cigotuvi's Dreadful Rot  Necr/Pois/Air  46%        N/A       22%         2
 Ensorcelled Hibernation  Hex/Ice        46%        N/A       22%         2
 Lesser Beckoning         Tloc           46%        N/A       22%         2
 Momentum Strike          Conj/Tloc      46%        3d9       22%         2
 Passwall                 Tmut/Erth      19%        N/A       22%         2
 Poisonous Vapours        Pois/Air       46%        N/A       22%         2
 Scorch                   Fire           46%        2d6       22%         2
 Searing Ray              Conj           46%        2d6       22%         2
 Sublimation of Blood     Necr           23%        N/A       22%         2
 Wereblood                Tmut           23%        N/A       22%         2
 Confusing Touch          Hex            23%        N/A       38%         3
 Dazzling Flash           Conj/Hex       46%        N/A       38%         3
 Frozen Ramparts          Ice            46%        1d7       38%         3
 Gell's Gravitas          Tloc           23%        N/A       38%         3
 Ignite Poison            Fire/Tmut/Pois 23%        N/A       38%         3
 Inner Flame              Hex/Fire       23%        N/A       38%         3
 Mephitic Cloud           Conj/Pois/Air  23%        N/A       38%         3
 Ozocubu's Armour         Ice            23%        N/A       38%         3
 Portal Projectile        Hex/Tloc       46%        N/A       38%         3
 Stone Arrow              Conj/Erth      46%        3d9       38%         3
 Summon Guardian Golem    Hex/Summ       23%        N/A       38%         3
 Swiftness                Air            23%        N/A       38%         3
 Teleport Other           Tloc           23%        N/A       38%         3
 Tukima's Dance           Hex            23%        N/A       38%         3
 Vampiric Draining        Necr           23%        2d7       38%         3
 Volatile Blastmotes      Fire/Tloc      46%        2d13      38%         3
 Animate Armour           Summ/Erth      46%        N/A       80%         4
 Animate Dead             Necr           23%        N/A       80%         4
 Cause Fear               Hex            11%        N/A       80%         4
 Dispel Undead            Necr           23%        3d12      80%         4
 Flame Wave               Conj/Fire      23%        2d8       80%         4
 Fulminant Prism          Conj/Hex       11%        3d8       80%         4
 Iskenderun's Mystic Bla  Conj/Tloc      23%        2d6       80%         4
 Leda's Liquefaction      Hex/Erth       11%        N/A       80%         4
 Manifold Assault         Tloc           23%        N/A       80%         4
 Olgreb's Toxic Radiance  Pois           23%        N/A       80%         4
 Passage of Golubria      Tloc           23%        N/A       80%         4
 Petrify                  Tmut/Erth      23%        N/A       80%         4
 Sticky Flame             Conj/Fire      23%        2d4       80%         4
 Summon Ice Beast         Ice/Summ       23%        N/A       80%         4
 Borgnjor's Vile Clutch   Necr/Erth      11%        N/A       98%         5
 Fireball                 Conj/Fire      11%        3d7       98%         5
 Freezing Cloud           Conj/Ice/Air   11%        6-21      98%         5
 Irradiate                Conj/Tmut      11%        3d15      98%         5
 Metabolic Englaciation   Hex/Ice        11%        N/A       98%         5
 Silence                  Hex/Air        11%        N/A       98%         5
 Summon Forest            Summ/Tloc      11%        N/A       98%         5
 Yara's Violent Unravell  Hex/Tmut       11%        3d6       98%         5
 Conjure Ball Lightning   Conj/Air       11%        3x3d6     100%        6
 Death Channel            Necr           11%        N/A       100%        6
 Eringya's Noxious Bog    Tmut/Pois      11%        4d6       100%        6
 Simulacrum               Ice/Necr       11%        N/A       100%        6
 Starburst                Conj/Fire      11%        6d5       100%        6
 Summon Cactus Giant      Summ           11%        N/A       100%        6
 Enfeeble                 Hex            11%        N/A       100%        7
 Haunt                    Necr/Summ      11%        N/A       100%        7
 Orb of Destruction       Conj           11%        9d6       100%        7
 Ozocubu's Refrigeration  Ice            11%        4d10      100%        7
 Spellforged Servitor     Conj/Summ      11%        N/A       100%        7
 Summon Hydra             Summ           11%        N/A       100%        7
 Discord                  Hex            11%        N/A       100%        8
 Disjunction              Tloc           11%        N/A       100%        8
 Ignition                 Fire           11%        3d5       100%        8
 Lehudib's Crystal Spear  Conj/Erth      11%        10d4      100%        8
 Maxwell's Capacitive Co  Air            11%        ∞         100%        8
 Death's Door             Necr           11%        N/A       100%        9
 Dragon's Call            Summ           11%        N/A       100%        9


Dungeon Overview and Level Annotations

Branches:
Dungeon (15/15)            Temple (1/1) D:5            Lair (5/5) D:10
 Shoals (4/4) Lair:3        Snake (4/4) Lair:3        Slime (5/5) Lair:5
    Orc (2/2) D:10            Elf (3/3) Orc:2        Vaults (5/5) D:13
  Crypt (3/3) Vaults:2       Tomb (2/3) Crypt:3      Depths (4/4) D:15
   Hell (visited)             Dis (0/7) Hell            Geh (4/7) Hell
    Coc (0/7) Hell            Tar (0/7) Hell            Zot (5/5) Depths:4
Ossuary (visited)          Bailey (visited)          WizLab (visited)
Gauntlet (visited)

Altars:
Ashenzari
Cheibriados
Dithmenos
Elyvilon
Fedhas
Gozag
Hepliaklqana
Kikubaaqudgha
Makhleb
Nemelex Xobeh
Okawaru
Qazlal
Ru
Sif Muna
Trog
Uskayaw
Vehumet
Wu Jian
Xom
Yredelemnul
Zin
The Shining One
Jiyva
Lugonu

Shops:
D:3 !   D:4 [   D:13 =   Orc:1 *   Orc:2 ([([   Elf:1 ?[   Elf:2 :   Elf:3 =
Vaults:2 (*   Vaults:3 :   Vaults:4 (   Depths:2 =:=   Depths:4 !:!!(

Portals:
Hell: Depths:1 Depths:2 Depths:3 Depths:4
Abyss: Depths:2 Depths:3
Pandemonium: Depths:2
Ziggurat: Depths:2
Trove: Depths:2 (give +7 demon whip)

Annotations:
D:5 2 runed translucent doors
D:14 3 runed translucent doors, exclusion: obsidian statue, Muchistru's ghost, journeyman GrEE
Shoals:4 1 runed translucent door, DavidChitty2's ghost, adept MiFi
Vaults:1 3 runed translucent doors, Fieg's ghost, veteran HuWn
Zot:4 3 transporters


Innate Abilities, Weirdness & Mutations

Your serpentine skin is tough. (AC +9)
You have supernaturally acute eyesight. (SInv)
Armour fits poorly on your strangely shaped body.
Your system is resistant to poisons. (rPois)
You cover ground very slowly.
You can spit poison.
You can use your snake-like lower body to constrict enemies.
Your body sometimes deteriorates upon taking damage.
You occasionally shout uncontrollably at your foes.
Your muscles are strong. (Str +4, Int/Dex -1)
You expend magic power (3 MP) to strengthen your wands.


Message History

You constrict the hellwing. You slash the hellwing! You burn the hellwing.
You kill the hellwing!
Cheibriados thoroughly appreciates the change of pace.
No target in view!
HP restored.
An Orb Guardian comes into view.
You can't go up here!
Unknown command.
You throw a boomerang.
The boomerang closely misses the Orb Guardian.
You throw a boomerang. The boomerang hits the Orb Guardian!!
The Orb Guardian is moderately wounded.
You throw a boomerang.
The boomerang hits the Orb Guardian but does no damage.
The Orb Guardian is moderately wounded.
You throw a boomerang. The boomerang hits the Orb Guardian.
The Orb Guardian is heavily wounded.
You block the Orb Guardian's attack.
The Orb Guardian hits you but does no damage.
You cut the Orb Guardian into ribbons!!!
You burn the Orb Guardian.
The Orb Guardian is almost dead.
You block the Orb Guardian's attack.
You hit the Orb Guardian. You burn the Orb Guardian.
The Orb Guardian is almost dead.
You block the Orb Guardian's attack.
You slice the Orb Guardian!! You burn the Orb Guardian.
You kill the Orb Guardian!
Cheibriados thoroughly appreciates the change of pace.
You see here a +0 spear.
There is a stone staircase leading up, spattered with blood here.
You climb upwards.
There is a stone staircase leading down here.
There is a stone staircase leading up here.
You climb upwards.
There is a stone staircase leading down here.
You see here a +0 scale mail.
There is a staircase leading out of the dungeon here.
You have escaped!

##.#.###########.####.........#
.)...# #.........####.........#
.##.####....########...####.###
.#.....................# #.#
.#..#####.##.######.##.# #.#
........#.##.#....#.##.# #.#
..#.#.#.#.##.#.##.#.##.# #.#
......#.#.##.#.#..#.##.# #.#
#.#.#.#.#.##.#.#@.#.##.# #.#
......#.#.##.#.####.##.####.#
#.#.....#.##.#...[..........#
#.#.....#....#######).......#
#.#####....#.##########.....#
.....................######.#
###########.########.######.# #
###.####.........##.# #
#.....##.........##.#


There were no monsters in sight!

Vanquished Creatures
  the Royal Jelly (Slime:5)
  5 dread liches
  6 ancient liches
  5 orbs of fire
  Mara (Elf:3)
  4 royal mummies (Tomb:1)
  A juggernaut (Depths:2)
  Sojobo (Depths:3)
  Parghit (Zot:4)
  Vv (Zot:4)
  3 pandemonium lords
  5 curse toes
  8 Killer Klowns (Zot:5)
  Saint Roka (Depths:1)
  Geryon (Hell)
  Jory (Crypt:3)
  13 golden dragons
  The ghost of Caish the Eclecticist, a veteran VSSu of Ashenzari (Crypt:1)
  A bone dragon (Depths:4)
  Norris (Vaults:4)
  5 electric golems
  3 doom hounds (Zot:4)
  4 Brimstone Fiends
  17 tentacled monstrosities
  4 hellephants
  Jorgrun (Shoals:1)
  Mlioglotl (Shoals:1)
  4 liches
  The ghost of Xecaleth the Tortoise, an adept GrFi of Makhleb (Crypt:1)
  An Ice Fiend (Zot:4)
  28 Orb Guardians
  7 quicksilver dragons
  Grunn (Zot:4)
  3 titans
  A deep elf master archer (Elf:3)
  5 searing wretches
  4 deep elf blademasters (Elf:3)
  Frances (Shoals:2)
  Murray (Hell)
  16 sphinxes
  A kraken (Shoals:3)
  Polyphemus (Shoals:4)
  An Executioner (Depths:3)
  19 acid blobs
  6 death cobs
  5 ancient champions
  The ghost of Gouluvih the Acrobat, an adept FeSh of Jiyva (Crypt:1)
  6 tengu reavers
  9 nagarajas
  14 storm dragons
  10 shadow dragons
  12 azure jellies
  5 draconian knights
  Aizul (Elf:3)
  Donald (Shoals:1)
  7 draconian monks
  10 deep elf sorcerers
  2 revenants
  10 rockslimes
  17 fire giants
  8 frost giants
  An angel (WizLab)
  4 deep elf elementalists (Elf:3)
  7 draconian scorchers
  An iron dragon (Depths:3)
  4 ghost moths
  A ghost moth (shapeshifter) (Vaults:5)
  5 balrugs
  4 draconian stormcallers
  7 ghouls
  9 vault wardens
  4 draconian shifters
  4 spriggan defenders
  A broodmother (shapeshifter) (Vaults:5)
  3 curse skulls
  21 ironbound preservers
  12 war gargoyles
  2 orc warlords (Orc:2)
  15 quicksilver oozes
  6 reapers
  4 vampire knights
  4 spectral caustic shrikes (Depths:2)
  7 ironbound thunderhulks
  2 caustic shrike skeletons
  8 draconian annihilators
  7 deep elf demonologists
  2 formless jellyfish (Slime:2)
  9 stone giants
  17 green draconians
  9 deep elf annihilators
  11 black draconians
  17 very ugly things
  A minotaur (Gauntlet)
  3 bennus (Tomb:2)
  Nessos (D:12)
  11 spark wasps
  8 dire elephants
  15 white draconians
  13 yellow draconians
  2 lorocyprocas
  12 red draconians
  7 purple draconians
  14 ettins
  6 eidola
  5 deep elf death magi
  3 blizzard demons
  2 iron golems (Hell)
  6 merfolk javelineers
  16 great orbs of eyes
  7 deep elf high priests
  4 crystal guardians
  13 jiangshi
  7 mummy priests
  6 fire dragons
  3 entropy weavers
  9 merfolk impalers
  A fenstrider witch zombie (Crypt:1)
  An elf skeleton (Tomb:1)
  A spriggan air mage (Depths:1)
  9 yaktaur captains
  7 peacekeepers
  A rakshasa (Depths:2)
  5 ogre magi
  4 merfolk avatars
  4 ice dragons
  5 catoblepae
  25 vault guards
  4 ironbound frosthearts
  A spriggan skeleton (Crypt:3)
  5 alligator snapping turtles
  10 salamander tyrants
  4 hydras
  3 satyrs (Shoals:3)
  An anaconda (shapeshifter) (Depths:3)
  12 centaur warriors
  7 anacondas
  19 death yaks
  12 two-headed ogres
  5 merfolk aquamancers
  4 deep troll shamans
  A stoker (Geh:1)
  7 vampire magi
  5 deep troll earth magi
  4 tengu warriors
  29 dancing weapons
  19 death scarabs (Tomb:1)
  6 boulder beetles
  A spriggan berserker (Depths:3)
  13 naga warriors
  6 shock serpents
  10 hell hogs
  3 orc high priests
  2 demonic crawlers
  7 soul eaters
  2 emperor scorpion zombies
  Sonja (Lair:4)
  9 naga sharpshooters
  12 deep elf knights
  2 titan zombies
  A storm dragon zombie (Depths:2)
  46 hell knights
  A crystal echidna (Hell)
  5 skysharks
  6 iron trolls
  9 sun demons
  5 salamander mystics
  10 skeletal warriors
  A quicksilver dragon simulacrum (Tomb:2)
  25 sea snakes
  5 shadow wraiths
  5 glowing orange brains
  3 naga ritualists
  13 deep elf archers
  A tengu zombie (Depths:2)
  2 anaconda zombies (Crypt:2)
  A flayed ghost (Crypt:2)
  2 orange crystal statues (Hell)
  3 bog bodies (Crypt:1)
  3 spriggan simulacra
  An obsidian statue (Tomb:1)
  11 lindwurms
  An anaconda skeleton (Hell)
  A golden dragon skeleton (Depths:3)
  19 deep elf pyromancers
  3 orc knights
  16 phantasmal warriors
  39 deep trolls
  A harpy (shapeshifter) (D:14)
  17 harpies
  8 wizards
  16 necromancers
  A stone giant zombie (Crypt:1)
  8 shining eyes
  A wolf spider (D:15)
  10 fauns
  37 deep elf zephyrmancers
  14 manticores
  Pikel (D:5)
  A tengu skeleton (Depths:2)
  5 mana vipers
  9 ironbound convokers
  5 oklob plants
  41 ugly things
  A cyclops (shapeshifter) (Vaults:5)
  A shadow dragon skeleton (Vaults:5)
  2 orc sorcerers
  A large abomination (Zot:2)
  2 water nymphs (Shoals:4)
  17 salamanders
  6 cyclopes
  16 elephants
  23 moths of wrath
  7 guardian serpents
  A black mamba (shapeshifter) (D:15)
  A rust devil (Depths:3)
  12 vault sentinels
  14 cane toads
  22 black mambas
  4 molten gargoyles (WizLab)
  9 merfolk sirens
  22 naga magi
  3 eyes of devastation
  An eye of devastation (shapeshifter) (Vaults:5)
  9 gargoyles
  6 smoke demons
  2 torpor snails
  2 orange demons
  5 freezing wraiths
  4 unseen horrors
  A centaur skeleton (Tomb:1)
  2 rime drakes
  15 komodo dragons
  A death yak skeleton (Crypt:2)
  A tormentor (Geh:1)
  19 yaktaurs
  3 ice devils (Hell)
  A minotaur skeleton (Hell)
  20 guardian mummies
  2 red devils
  3 meliai (D:14)
  29 merfolk
  4 polar bears
  4 hellwings
  A queen bee (D:14)
  A sphinx simulacrum (Depths:2)
  A tengu simulacrum (Vaults:5)
  19 blink frogs
  10 trolls
  10 wind drakes
  A culicivora zombie (Crypt:1)
  10 hornets
  An alligator zombie (Crypt:2)
  12 snapping turtles
  A stone giant simulacrum (Vaults:5)
  7 dream sheep
  An ettin zombie (Hell)
  17 flying skulls
  An air elemental (Elf:3)
  A centaur simulacrum (Hell)
  6 spriggans
  Sigmund (D:3)
  6 shadows (Gauntlet)
  A vampire (D:12)
  102 slime creatures
  19 water elementals
  7 wraiths
  A ynoxinul (Depths:1)
  8 basilisks
  4 ushabtiu (Tomb:1)
  11 wyverns
  Eustachio (D:6)
  4 golden eyes (Slime:1)
  90 yaks
  A fire elemental (Elf:3)
  A vampire mosquito (D:10)
  6 redbacks
  2 steam dragons (D:8)
  A neqoxec (D:15)
  A glowing shapeshifter zombie (Crypt:2)
  A wind drake skeleton (Crypt:3)
  6 wargs
  Menkaure (Ossuary)
  2 swamp worms (shapeshifter)
  37 nagas
  5 acid dragons
  18 water moccasins
  3 floating eyes
  4 hell hounds (Hell)
  A merfolk skeleton (Crypt:3)
  A glowing shapeshifter skeleton (Crypt:2)
  56 orc warriors
  2 ice beasts (D:7)
  A cane toad skeleton (Crypt:1)
  2 black bears
  A black bear (shapeshifter) (D:13)
  11 boggarts
  7 ogres
  25 wolves
  A blink frog skeleton (Crypt:1)
  A swamp dragon skeleton (Crypt:2)
  11 centaurs
  A phantom (D:6)
  A hog skeleton (Crypt:1)
  4 kobold brigands
  10 bullfrogs
  A bullfrog (shapeshifter) (Depths:3)
  A glowing shapeshifter simulacrum (Depths:3)
  4 necrophages (D:8)
  4 earth elementals
  A naga simulacrum (Hell)
  5 scorpions
  6 wights
  25 killer bees
  A raiju skeleton (Crypt:3)
  A howler monkey (D:10)
  4 electric eels
  11 jellies
  4 hounds
  32 orc priests
  3 gnoll boudas
  3 iguanas
  23 orc wizards
  A sleepcap (D:5)
  2 lightning spires (WizLab)
  A deep dwarf zombie (Crypt:3)
  An ogre zombie (Crypt:2)
  A hound skeleton (Crypt:3)
  18 mummies
  2 howler monkey zombies (D:8)
  14 gnolls
  5 adders
  3 shadow imps
  A white imp (D:6)
  3 ufetubi
  A worm zombie (Crypt:1)
  An iguana zombie (Crypt:1)
  3 worms
  3 dart slugs
  105 orcs
  5 ball pythons
  4 endoplasms
  5 giant cockroaches
  4 gnoll zombies (Ossuary)
  9 hobgoblins
  11 jackals
  5 quokkas
  2 ball python zombies
  5 bats
  5 frilled lizards
  2 gnoll skeletons (Ossuary)
  11 goblins
  3 goblin skeletons (Ossuary)
  3 goblin zombies (Ossuary)
  7 hobgoblin skeletons (Ossuary)
  6 hobgoblin zombies (Ossuary)
  A jackal skeleton (Crypt:2)
  A jackal zombie (Crypt:3)
  45 kobolds
  2 kobold skeletons (Ossuary)
  2 kobold zombies (Ossuary)
  4 orc skeletons (Ossuary)
  8 orc zombies
  7 rats
  7 rat skeletons (Ossuary)
  3 rat zombies (Ossuary)
  A creeping inferno (Hell)
  2 tentacles (Shoals:3)
2741 creatures vanquished.

Vanquished Creatures (collateral kills)
  A draconian monk (Zot:3)
  A storm dragon (Depths:3)
  A draconian shifter (Zot:3)
  A green draconian (Zot:3)
  A stone giant (Depths:3)
  An ironbound frostheart (Vaults:4)
  A deep troll earth mage (Depths:3)
  A hell knight (Vaults:4)
  A vault sentinel (Vaults:4)
  2 slime creatures (Slime:2)
  A yak (D:9)
  An orc wizard (D:9)
  3 orcs (D:9)
16 creatures vanquished.

Vanquished Creatures (others)
  Margery (Depths:3)
  A pandemonium lord (Depths:1)
  A draconian knight (Zot:1)
  A peacekeeper (WizLab)
  A rakshasa (Depths:3)
  A hell hog (Hell)
  A naga sharpshooter (Snake:1)
  A deep elf knight (Elf:1)
  2 deep elf pyromancers
  A hornet (Depths:3)
  An air elemental (Elf:3)
  A yak (D:9)
  A creeping inferno (Geh:1)
  A fire vortex (Hell)
  4 tentacles (Shoals:3)
19 creatures vanquished.

Grand Total: 2776 creatures vanquished

Notes
Turn   | Place    | Note
-------+----------+-------------------------------------------
     0 | D:1      | FlatIsJustice the Naga Fighter began the quest for the Orb.
     0 | D:1      | Reached XP level 1. HP: 21/21 MP: 1/1
   150 | D:1      | Reached XP level 2. HP: 26/28 MP: 2/2
   273 | D:1      | Found a faded altar of an unknown god.
   342 | D:1      | Reached skill level 1 in Stealth
   460 | D:1      | Reached XP level 3. HP: 11/29 MP: 3/3
   967 | D:2      | Noticed a scorpion
   974 | D:2      | Killed a scorpion
   975 | D:2      | Reached skill level 1 in Evocations
   975 | D:2      | Reached XP level 4. HP: 27/43 MP: 4/4
  1199 | D:2      | You fall into a shaft and drop 2 floors!
  1226 | D:4      | Found Jountull's Armour Boutique.
  1253 | D:4      | Reached XP level 5. HP: 46/50 MP: 5/5
  1286 | D:4      | Reached skill level 1 in Throwing
  1374 | D:4      | Found a sand-covered staircase.
  1381 | Ossuary  | Entered an ossuary
  1454 | Ossuary  | Reached skill level 1 in Dodging
  1742 | Ossuary  | Noticed Menkaure
  1753 | Ossuary  | Killed Menkaure
  1754 | Ossuary  | Reached skill level 4 in Fighting
  1754 | Ossuary  | Reached XP level 6. HP: 57/57 MP: 6/6
  1842 | D:4      | Noticed a black bear
  1851 | D:4      | Killed a black bear
  1852 | D:4      | Reached XP level 7. HP: 50/64 MP: 7/7
  1904 | D:4      | Found a bloodstained altar of Trog.
  1908 | D:4      | Identified the +3 ring mail of Darkness {rPois rF+ Dex+3}
  2541 | D:3      | Noticed Sigmund
  2548 | D:3      | Killed Sigmund
  2818 | D:3      | Found Etoakosm's Distillery.
  2828 | D:3      | Bought 2 potions of heal wounds for 100 gold pieces
  2828 | D:3      | Bought a potion of curing for 30 gold pieces
  3356 | D:5      | Entered Level 5 of the Dungeon
  3372 | D:5      | Noticed Pikel
  3393 | D:5      | Killed Pikel
  3394 | D:5      | Reached skill level 5 in Fighting
  3394 | D:5      | Reached XP level 8. HP: 38/74 MP: 8/8
  3512 | D:5      | Found a runed translucent door.
  3515 | D:5      | Found a runed translucent door.
  3615 | D:5      | Found a staircase to the Ecumenical Temple.
  3625 | Temple   | Entered the Ecumenical Temple
  4095 | D:6      | Noticed Eustachio
  4124 | D:6      | Killed Eustachio
  4125 | D:6      | Reached skill level 5 in Axes
  4125 | D:6      | Reached skill level 5 in Stealth
  4161 | D:6      | Found a glowing golden altar of the Shining One.
  4289 | D:6      | Identified the +8 scale mail "Houlo" {rElec}
  4431 | D:6      | Reached XP level 9. HP: 73/82 MP: 9/9
  4768 | D:6      | Reached skill level 6 in Fighting
  5249 | D:7      | Found a sparkling altar of Nemelex Xobeh.
  5901 | D:7      | Found a faded altar of an unknown god.
  5901 | D:7      | Found a basalt altar of Yredelemnul.
  5908 | D:7      | Found a hide-covered altar of Uskayaw.
  5910 | D:7      | Found a snail-covered altar of Cheibriados.
  5912 | D:7      | Found a glowing silver altar of Zin.
  5916 | D:7      | Became a worshipper of Cheibriados the Contemplative
  6368 | D:8      | Reached XP level 10. HP: 76/92 MP: 10/10
  6470 | D:8      | Reached skill level 1 in Invocations
  6482 | D:8      | Noticed a centaur warrior
  6485 | D:8      | Noticed a deep elf pyromancer
  6495 | D:8      | Killed a deep elf pyromancer
  6496 | D:8      | Reached skill level 7 in Fighting
  6532 | D:8      | Killed a centaur warrior
  6762 | D:8      | Reached * piety under Cheibriados
  6777 | D:8      | Reached skill level 5 in Shields
  6857 | D:8      | Found a blossoming altar of Fedhas.
  7683 | D:9      | Reached ** piety under Cheibriados
  7684 | D:9      | Reached XP level 11. HP: 38/103 MP: 11/13
  7695 | D:9      | Reached skill level 5 in Armour
  7704 | D:9      | Reached skill level 8 in Fighting
  8024 | D:9      | Reached skill level 5 in Evocations
  8394 | D:9      | Found a broken altar of Ashenzari.
  8529 | D:10     | Entered Level 10 of the Dungeon
  8529 | D:10     | Found a flagged portal.
  8583 | D:10     | Reached *** piety under Cheibriados
  8616 | Bailey   | Entered a bailey
  9051 | D:10     | Reached **** piety under Cheibriados
  9239 | D:10     | Reached skill level 5 in Throwing
  9400 | D:10     | Found a staircase to the Lair.
  9443 | D:10     | Reached ***** piety under Cheibriados
  9802 | D:10     | Reached XP level 12. HP: 92/112 MP: 15/15
  9938 | D:10     | Found a staircase to the Orcish Mines.
 10036 | D:11     | Noticed a two-headed ogre
 10046 | D:11     | Killed a two-headed ogre
 10047 | D:11     | Reached skill level 9 in Fighting
 10157 | D:11     | Noticed a boulder beetle
 10170 | D:11     | Killed a boulder beetle
 10347 | D:11     | Reached skill level 5 in Dodging
 10954 | D:12     | Noticed Nessos
 11003 | D:12     | Found a gate leading to a gauntlet.
 11003 | D:12     | Noticed a two-headed ogre
 11006 | Gauntlet | Entered a Gauntlet
 11006 | Gauntlet | Found a transporter.
 11066 | Gauntlet | Found a transporter.
 11069 | Gauntlet | Found a transporter.
 11070 | Gauntlet | Found a transporter.
 11078 | Gauntlet | Found a transporter.
 11078 | Gauntlet | Found the -2 hat of the Alchemist {rElec rPois rF+ rC+ rN+
                  | Will+ rMut rCorr}
 11245 | Gauntlet | Identified the +0 helmet "Ecippeess" {rF- Will++ Stlth+}
 11254 | Gauntlet | Found a transporter.
 11254 | Gauntlet | Found a transporter.
 11262 | Gauntlet | Noticed a quicksilver ooze
 11297 | Gauntlet | Found a transporter.
 11297 | Gauntlet | Found a transporter.
 11297 | Gauntlet | Found a transporter.
 11323 | Gauntlet | Found a transporter.
 11328 | Gauntlet | Reached skill level 5 in Invocations
 11331 | Gauntlet | Reached skill level 10 in Stealth
 11338 | Gauntlet | Found a transporter.
 11338 | Gauntlet | Found a transporter.
 11346 | Gauntlet | Noticed a great orb of eyes
 11356 | Gauntlet | Found a transporter.
 11368 | Gauntlet | Killed a great orb of eyes
 11380 | Gauntlet | Identified the ring of Benevolence {Ice rElec Will- rCorr
                  | Int+3}
 11420 | Gauntlet | Noticed a minotaur
 11430 | Gauntlet | Killed a minotaur
 11443 | Gauntlet | Identified the +0 scale mail of the Eternal Fruit {rF- rN+
                  | Will+ Stlth+}
 11465 | D:12     | Killed a two-headed ogre
 11465 | D:12     | Reached ****** piety under Cheibriados
 11473 | D:12     | Gained mutation: You can use your snake-like lower body to
                  | constrict enemies. [Naga growth]
 11473 | D:12     | Reached XP level 13. HP: 102/123 MP: 17/17
 11592 | Lair:1   | Entered Level 1 of the Lair of Beasts
 11609 | Lair:1   | Reached skill level 10 in Fighting
 12180 | Lair:1   | Reached skill level 10 in Axes
 12479 | Lair:1   | Identified the +7 scale mail of Estuadde {Dex+4}
 13414 | Lair:3   | Found a staircase to the Snake Pit.
 13574 | Lair:3   | Reached XP level 14. HP: 103/133 MP: 18/18
 13771 | Lair:3   | Reached skill level 11 in Fighting
 13777 | Lair:3   | Found a staircase to the Shoals.
 14509 | Lair:4   | Identified the +0 cloak of Noklur {rPois Will+}
 14855 | Lair:4   | Noticed Sonja
 14857 | Lair:4   | Killed Sonja
 15122 | Lair:5   | Entered Level 5 of the Lair of Beasts
 15370 | Lair:5   | Reached XP level 15. HP: 122/144 MP: 20/20
 15650 | Lair:5   | Reached skill level 12 in Fighting
 15684 | Lair:5   | Found a viscous altar of Jiyva.
 15910 | Lair:5   | Found a staircase to the Slime Pits.
 16515 | Lair:5   | Got Kigag's Secrets of Mutagenic Production
 16790 | D:12     | Killed Nessos
 17302 | D:13     | Identified the +3 battleaxe of Tycevoc {freeze, *Noise
                  | Int+4}
 17615 | D:13     | Found Sidotuaw's Jewellery Shoppe.
 17833 | D:13     | Found a gate to the Vaults.
 17998 | D:14     | Found a runed translucent gate.
 18000 | D:14     | Found a runed translucent gate.
 18001 | D:14     | Found a runed translucent gate.
 18003 | D:14     | Noticed Muchistru's ghost (journeyman GrEE)
 18477 | D:14     | Found a radiant altar of Vehumet.
 18763 | D:15     | Entered Level 15 of the Dungeon
 18768 | D:15     | Reached XP level 16. HP: 143/154 MP: 22/22
 18903 | Orc:1    | Entered Level 1 of the Orcish Mines
 19081 | Orc:1    | Paralysed by a floating eye for 3 turns
 19181 | Orc:2    | Entered Level 2 of the Orcish Mines
 19204 | Orc:2    | Found Lairph's Weapon Shoppe.
 19556 | Orc:2    | Reached skill level 13 in Fighting
 19717 | Orc:2    | Found Feostur's Antique Armour Emporium.
 19718 | Orc:2    | Found Leuclat's Antique Weapon Shoppe.
 19761 | Orc:2    | Found a staircase to the Elven Halls.
 19846 | Orc:2    | Found Jutturr's Antique Armour Shoppe.
 19913 | Orc:2    | Found Illiy's Armour Emporium.
 20221 | Orc:1    | Found Iruxtub's General Store.
 20276 | Orc:1    | Bought a scroll of enchant weapon for 112 gold pieces
 20710 | D:15     | Found a staircase to the Depths.
 21255 | D:15     | Found a shimmering altar of Xom.
 21499 | Snake:1  | Entered Level 1 of the Snake Pit
 21717 | Snake:1  | Found an opulent altar of Gozag.
 21889 | Snake:1  | Reached XP level 17. HP: 164/164 MP: 14/23
 22440 | Snake:1  | Identified the ring of Arog {rN+ AC+4 Str-3 Int+6}
 23139 | Snake:2  | Identified the +6 glaive of Disaster {heavy, Dex+2}
 24090 | Snake:3  | Reached skill level 14 in Fighting
 24633 | Snake:4  | Entered Level 4 of the Snake Pit
 24817 | Snake:4  | Reached skill level 15 in Stealth
 24817 | Snake:4  | Reached skill level 10 in Evocations
 25473 | Snake:4  | Reached skill level 10 in Shields
 25475 | Snake:4  | Reached skill level 10 in Invocations
 25475 | Snake:4  | Reached XP level 18. HP: 130/175 MP: 25/25
 25811 | Snake:4  | Got a serpentine rune of Zot
 26026 | Shoals:1 | Entered Level 1 of the Shoals
 26059 | Shoals:1 | Noticed Donald
 26073 | Shoals:1 | Killed Donald
 26121 | Shoals:1 | Noticed Jorgrun
 26128 | Shoals:1 | Killed Jorgrun
 26203 | Shoals:1 | Noticed Mlioglotl
 26235 | Shoals:1 | Killed Mlioglotl
 26443 | Shoals:1 | Identified 2 scrolls of acquirement
 26461 | Shoals:1 | Acquired the +7 broad axe "Pomaf" {freeze, rF++ Dex+5
                  | Stlth-}
 26463 | Shoals:1 | Acquired a manual of Evocations
 26493 | Shoals:1 | Identified the +11 flail "Ciasen" {holy, Int+4}
 26802 | Shoals:2 | Noticed Frances
 26815 | Shoals:2 | Killed Frances
 27787 | Shoals:3 | Reached skill level 10 in Throwing
 28161 | Shoals:3 | Reached skill level 15 in Fighting
 28452 | Shoals:4 | Entered Level 4 of the Shoals
 28459 | Shoals:4 | Reached skill level 15 in Axes
 28526 | Shoals:4 | Reached XP level 19. HP: 179/186 MP: 25/27
 28778 | Shoals:4 | Got the Cyclopedia of Misfortune
 28830 | Shoals:4 | Found a runed translucent door.
 28830 | Shoals:4 | Found a shimmering altar of Xom.
 28830 | Shoals:4 | Noticed DavidChitty2's ghost (adept MiFi)
 28831 | Shoals:4 | Identified the +6 quick blade of Contention {chaos, rPois
                  | rN+ Str-2 Int+5}
 28902 | Shoals:4 | Noticed Polyphemus
 28919 | Shoals:4 | Killed Polyphemus
 29091 | Shoals:4 | Got Lyheniag's Elucidation of Horrible Nausea
 29535 | Shoals:4 | Got a barnacled rune of Zot
 29825 | Vaults:1 | Entered Level 1 of the Vaults
 29933 | Vaults:1 | Reached skill level 10 in Armour
 30605 | Vaults:1 | Reached XP level 20. HP: 186/196 MP: 28/28
 30743 | Vaults:1 | Found a runed translucent gate.
 30744 | Vaults:1 | Found a runed translucent gate.
 30744 | Vaults:1 | Found a runed translucent gate.
 30746 | Vaults:1 | Noticed Fieg's ghost (veteran HuWn)
 31120 | Vaults:1 | Reached skill level 16 in Fighting
 31786 | Vaults:2 | Found Xatucweing's General Store.
 31797 | Vaults:2 | Bought a phantom mirror for 560 gold pieces
 31879 | Vaults:2 | Found a staircase to the Crypt.
 31988 | Vaults:2 | Found Magruub's Weapon Shoppe.
 32992 | Vaults:3 | Noticed a dread lich
 33010 | Vaults:3 | Killed a dread lich
 33344 | Vaults:3 | Found Kyshim Jyeth's Book Shop.
 33547 | Vaults:4 | Found Moaxkez's Weapon Shop.
 33547 | Vaults:4 | Noticed a dread lich
 33547 | Vaults:4 | Noticed Norris
 33555 | Vaults:4 | Killed Norris
 33556 | Vaults:4 | Reached skill level 10 in Dodging
 33564 | Vaults:4 | Reached XP level 21. HP: 179/203 MP: 29/29
 33568 | Vaults:4 | Killed a dread lich
 33636 | Vaults:4 | Found a flickering gateway to a bazaar.
 33641 | Bazaar   | Entered a bazaar
 33641 | Bazaar   | Found Wialeduu's Antique Weapon Boutique.
 33651 | Bazaar   | Found Eschafragg's Antique Armour Emporium.
 33662 | Bazaar   | Found Ymuefigg's Distillery.
 33670 | Bazaar   | Bought a potion of heal wounds for 50 gold pieces
 33670 | Bazaar   | Bought a potion of heal wounds for 50 gold pieces
 33670 | Bazaar   | Found Vuloocrocw's General Store.
 33678 | Bazaar   | Bought a potion of heal wounds for 35 gold pieces
 33681 | Bazaar   | Found Avaulan's Book Emporium.
 35176 | Vaults:5 | Entered Level 5 of the Vaults
 35391 | Vaults:4 | Reached skill level 17 in Fighting
 36128 | Vaults:5 | Identified the +8 rapier of Teonkaso {antimagic, rElec
                  | Str+4 Dex+3}
 36180 | Vaults:5 | Noticed a golden dragon
 36190 | Vaults:5 | Killed a golden dragon
 36590 | Vaults:5 | Noticed a dread lich
 36598 | Vaults:5 | Killed a dread lich
 36655 | Vaults:5 | Identified the +3 acid dragon scales "Kasito" {rCorr MP+9
                  | SInv}
 36655 | Vaults:5 | Identified the ring of Deamiul {*Corrode rElec rPois rC+
                  | Stlth+}
 36682 | Vaults:5 | Identified the +10 plate armour "Genoab" {+Inv rN++ Str-2
                  | Slay+3}
 36683 | Vaults:5 | Identified the +0 robe of Focus {Stlth+}
 36708 | Vaults:5 | Reached XP level 22. HP: 201/218 MP: 31/31
 36783 | Vaults:5 | Identified the +1 robe of Ahajegha {rC- Will+ Slay+2 SInv}
 37336 | Vaults:5 | Noticed an ancient lich
 37339 | Vaults:5 | Killed an ancient lich
 37384 | Vaults:5 | Noticed a golden dragon
 37390 | Vaults:5 | Killed a golden dragon
 37491 | Vaults:5 | Got Lotimiki's Volume of Combat Magic
 37492 | Vaults:5 | Identified the +1 ring mail "Uwnih" {Str+2}
 37548 | Vaults:5 | Identified the +4 demon trident of Bipal {freeze, Dex+4}
 37560 | Vaults:5 | Identified the +6 morningstar "Fuunott" {heavy, Will+}
 37609 | Vaults:5 | Identified the +4 sling of Reasasudd {flame, Str+2}
 37613 | Vaults:5 | Identified the +5 flail of Terra Nullius {speed, rF+}
 37669 | Vaults:5 | Got Suhoshul's Atlas of the Vexatious Cwm
 37850 | Vaults:5 | Found the amulet of the Air {Inacc Air Fly rElec RMsl}
 37856 | Vaults:5 | Got a silver rune of Zot
 37971 | Vaults:5 | Identified the +5 bardiche of Midwinter {protect, rC-
                  | Str+4}
 38096 | Crypt:1  | Entered Level 1 of the Crypt
 38552 | Crypt:1  | Found a runed translucent gate.
 38552 | Crypt:1  | Found a runed translucent gate.
 38552 | Crypt:1  | Found a runed translucent gate.
 38553 | Crypt:1  | Noticed Xecaleth's ghost (adept GrFi)
 38553 | Crypt:1  | Noticed Gouluvih's ghost (adept FeSh)
 38557 | Crypt:1  | Noticed Caish's ghost (veteran VSSu)
 38882 | Crypt:1  | Killed Gouluvih's ghost
 38896 | Crypt:1  | Killed Caish's ghost
 38916 | Crypt:1  | Killed Xecaleth's ghost
 39314 | Crypt:2  | Reached skill level 18 in Fighting
 39859 | Crypt:3  | Entered Level 3 of the Crypt
 39870 | Crypt:3  | Noticed a curse toe
 39876 | Crypt:3  | Reached skill level 15 in Evocations
 39876 | Crypt:3  | Reached XP level 23. HP: 100/228 MP: 16/32
 39882 | Crypt:3  | Killed a curse toe
 40332 | Crypt:3  | Acquired a manual of Spellcasting
 40498 | Crypt:3  | Found the +7 great mace "Undeadhunter" {deathbane, rN+}
 40663 | Crypt:3  | Noticed Jory
 40679 | Crypt:3  | Killed Jory
 40680 | Crypt:3  | Reached skill level 1 in Spellcasting
 40714 | Crypt:3  | Found a staircase to the Tomb.
 40884 | Crypt:3  | Noticed an ancient lich
 40904 | Crypt:3  | Noticed an ancient lich
 40907 | Crypt:3  | Killed an ancient lich
 40908 | Crypt:3  | Killed an ancient lich
 40973 | Crypt:3  | Identified the +3 leather armour of Impressiveness {rCorr
                  | Str+3 Int+3 Stlth+}
 40975 | Crypt:3  | Identified the +7 pearl dragon scales "Hongonai" {rN+ Will+
                  | Int+3}
 41401 | Elf:1    | Entered Level 1 of the Elven Halls
 41444 | Elf:1    | Found Opse's Antique Armour Emporium.
 41453 | Elf:1    | Found Wosi's Magic Scroll Shoppe.
 41459 | Elf:1    | Bought a scroll of blinking for 112 gold pieces
 41996 | Elf:1    | Reached skill level 15 in Shields
 42076 | Elf:1    | Got the Precepts of Battling
 42315 | Elf:2    | Found Xialyph's Book Shop.
 42495 | Elf:2    | Found a runed translucent gate.
 42495 | Elf:2    | Found a runed translucent gate.
 42496 | Elf:2    | Found a runed translucent gate.
 42993 | Elf:3    | Entered Level 3 of the Elven Halls
 42993 | Elf:3    | Found Kanecro's Jewellery Shop.
 43077 | Elf:3    | Noticed Aizul
 43087 | Elf:3    | Killed Aizul
 43109 | Elf:3    | Paralysed by an air elemental for 1 turns
 43327 | Elf:3    | Noticed Mara
 43332 | Elf:3    | Noticed FlatIsJustice's illusion
 43363 | Elf:3    | Killed Mara
 43465 | Elf:3    | Identified the +3 flail of Fear {antimagic, rF- Will++
                  | Str+2 Stlth+}
 43519 | Elf:3    | Identified the ring "Sonuoqaz" {rF+ rC- MP+9 SInv}
 43521 | Elf:3    | Identified the +7 war axe of Circular Logic {freeze, rF+
                  | Str+3 SInv}
 43521 | Elf:3    | Identified the ring of Insomnia {rC+ Int+6}
 43526 | Elf:3    | Reached XP level 24. HP: 239/240 MP: 32/32
 43527 | Elf:3    | Identified the amulet of Xuntydda {RegenMP rElec rN+ rCorr
                  | Stlth+}
 43535 | Elf:3    | Reached skill level 5 in Spellcasting
 43536 | Elf:3    | Reached skill level 19 in Fighting
 43563 | Elf:3    | Identified the +4 rapier of Immorality {flame, rElec Str+5}
 44342 | Depths:1 | Entered Level 1 of the Depths
 44377 | Depths:1 | Noticed Saint Roka
 44393 | Depths:1 | Killed Saint Roka
 44643 | Depths:1 | Found a sacrificial altar of Ru.
 44785 | Depths:1 | Found an iron altar of Okawaru.
 44902 | Depths:1 | Found a gateway to Hell.
 45146 | Depths:2 | Found a one-way gateway to a ziggurat.
 45170 | Depths:2 | Reached skill level 15 in Armour
 45176 | Depths:2 | Found a corrupted altar of Lugonu.
 45176 | Depths:2 | Found a one-way gate to the infinite horrors of the Abyss.
 45223 | Depths:2 | Found a magical portal.
 45253 | WizLab   | Entered Maxwell's Workshop
 45537 | WizLab   | Found the +15 Maxwell's patent armour {-Cast -Tele rElec
                  | Will+ rCorr}
 45753 | WizLab   | Identified the +0 robe "Hozam" {rC+}
 46166 | Depths:2 | Noticed a juggernaut
 46259 | Depths:2 | Killed a juggernaut
 46378 | Depths:2 | Identified the +3 mace of the Nexus {venom, Dex+4}
 46513 | Depths:2 | Found a one-way gate leading to the halls of Pandemonium.
 46617 | Depths:2 | Found Ilishrour's Jewellery Boutique.
 46617 | Depths:2 | Found Mupt's Book Emporium.
 46618 | Depths:2 | Found Zelusseg's Jewellery Boutique.
 46710 | Depths:2 | Found a portal to a secret trove of treasure.
 48226 | Depths:3 | Found a hide-covered altar of Uskayaw.
 48248 | Depths:3 | Reached XP level 25. HP: 252/252 MP: 33/34
 48324 | Depths:3 | You fall into a shaft and drop 1 floor!
 48324 | Depths:4 | Entered Level 4 of the Depths
 48386 | Depths:3 | Noticed Margery
 48398 | Depths:3 | Killed Margery
 48902 | Hell     | Entered the Vestibule of Hell
 48902 | Hell     | Noticed Geryon
 48902 | Hell     | Noticed Murray
 48923 | Hell     | Killed Murray
 48935 | Hell     | HP: 3/252 [iron golem (18)]
 48956 | Hell     | Reached skill level 20 in Fighting
 49261 | Hell     | Killed Geryon
 49437 | Hell     | Found a gateway to the ashen valley of Gehenna.
 49510 | Hell     | Found a gateway to the Iron City of Dis.
 49544 | Hell     | Found a gateway to the freezing wastes of Cocytus.
 49594 | Hell     | Found a gateway to the decaying netherworld of Tartarus.
 50072 | Tomb:1   | Entered Level 1 of the Tomb of the Ancients
 50182 | Tomb:1   | Acquired the ring "Gity" {rC++ rN+ Int+3 Dex-3}
 50626 | Tomb:1   | Noticed a royal mummy
 50626 | Tomb:1   | Noticed a royal mummy
 50859 | Tomb:1   | Killed a royal mummy
 50998 | Tomb:1   | Noticed a royal mummy
 51008 | Tomb:1   | Killed a royal mummy
 51039 | Tomb:1   | Killed a royal mummy
 51172 | Tomb:1   | Reached XP level 26. HP: 262/262 MP: 36/36
 51375 | Tomb:2   | Noticed a royal mummy
 51375 | Tomb:2   | Noticed a royal mummy
 51375 | Tomb:2   | Noticed a royal mummy
 51377 | Tomb:2   | Noticed a royal mummy
 51407 | Tomb:1   | Killed a royal mummy
 52175 | Geh:1    | Entered Level 1 of Gehenna
 52713 | Geh:2    | Noticed a dread lich
 52720 | Geh:2    | Noticed a dread lich
 52723 | Geh:2    | Killed a dread lich
 52723 | Geh:2    | Noticed an ancient lich
 52735 | Geh:2    | Killed a dread lich
 52735 | Geh:2    | Noticed an ancient lich
 52742 | Geh:2    | Killed an ancient lich
 52743 | Geh:2    | Reached skill level 10 in Spellcasting
 52744 | Geh:2    | Killed an ancient lich
 54416 | Depths:4 | Found Qankoshi's Distillery.
 54418 | Depths:4 | Found Iqinas's Book Shoppe.
 54419 | Depths:4 | Found Poxi's Antique Weapon Shoppe.
 54423 | Depths:4 | Found Vabrol's Distillery.
 54427 | Depths:4 | Bought a potion of heal wounds for 80 gold pieces
 54433 | Depths:4 | Bought a potion of heal wounds for 95 gold pieces
 54575 | Depths:4 | Found Jodaodgh's Distillery.
 54785 | Depths:4 | Reached skill level 21 in Fighting
 54933 | Depths:4 | Found a gate to the Realm of Zot.
 55097 | Depths:4 | Found a glowing golden altar of the Shining One.
 55237 | Depths:3 | Noticed Sojobo
 55246 | Depths:3 | Killed Sojobo
 55551 | Zot:1    | Entered Level 1 of the Realm of Zot
 55745 | Zot:1    | Reached XP level 27. HP: 174/273 MP: 38/38
 56748 | Slime:1  | Entered Level 1 of the Pits of Slime
 58370 | Slime:4  | Gained mutation: You have an increased reservoir of magic.
                  | (+10% MP) [a shining eye]
 58820 | Slime:5  | Entered Level 5 of the Pits of Slime
 58842 | Slime:5  | Gained mutation: You are frail. (-10% HP) [a shining eye]
 59194 | Slime:5  | Gained mutation: You occasionally shout uncontrollably at
                  | your foes. [a shining eye]
 59210 | Slime:4  | Lost mutation: You have an increased reservoir of magic.
                  | (+10% MP) [potion of mutation]
 59210 | Slime:4  | Lost mutation: You occasionally shout uncontrollably at
                  | your foes. [potion of mutation]
 59210 | Slime:4  | Lost mutation: You are frail. (-10% HP) [potion of
                  | mutation]
 59210 | Slime:4  | Gained mutation: You expend magic power (3 MP) to
                  | strengthen your wands. [potion of mutation]
 59210 | Slime:4  | Gained mutation: Your muscles are strong. (Str +4, Int/Dex
                  | -1) [potion of mutation]
 59253 | Slime:5  | Noticed the Royal Jelly
 59290 | Slime:5  | Killed the Royal Jelly
 59457 | Slime:5  | Reached skill level 15 in Throwing
 59567 | Slime:5  | Identified the +10 short sword of Itoter {freeze, rPois rN+
                  | Will+ Int+2}
 59569 | Slime:5  | Got a slimy rune of Zot
 59573 | Slime:5  | Identified the +6 great sword of an ossuary {elec, rC+}
 60988 | Zot:2    | You fall into a shaft and drop 2 floors!
 60988 | Zot:4    | Noticed Vv
 61002 | Zot:4    | Killed Vv
 61003 | Zot:4    | Reached skill level 22 in Fighting
 62600 | Zot:4    | Noticed Parghit
 62704 | Zot:4    | Noticed Grunn
 62712 | Zot:4    | Killed Grunn
 62834 | Zot:4    | Killed Parghit
 62983 | Zot:4    | Noticed an orb of fire
 63001 | Zot:4    | Killed an orb of fire
 63382 | Zot:4    | Found a transporter.
 63404 | Zot:4    | Found a transporter.
 63593 | Zot:4    | Found a transporter.
 63621 | Zot:4    | Found a transporter.
 63733 | Zot:5    | Entered Level 5 of the Realm of Zot
 63872 | Zot:5    | Found a shadowy altar of Dithmenos.
 64072 | Zot:5    | Found a radiant altar of Vehumet.
 64364 | Zot:5    | Noticed an orb of fire
 64372 | Zot:5    | Noticed an orb of fire
 64384 | Zot:5    | Killed an orb of fire
 64388 | Zot:5    | Gained mutation: Your body sometimes deteriorates upon
                  | taking damage. [an orb of fire]
 64394 | Zot:5    | Killed an orb of fire
 64413 | Zot:5    | Noticed an ancient lich
 64420 | Zot:5    | Killed an ancient lich
 64422 | Zot:5    | Noticed an orb of fire
 64435 | Zot:5    | Killed an orb of fire
 64682 | Zot:5    | Noticed an orb of fire
 64693 | Zot:5    | Reached skill level 23 in Fighting
 64700 | Zot:5    | Killed an orb of fire
 65225 | Zot:5    | Got the Orb of Zot
 65373 | Zot:2    | Noticed Goopaem the pandemonium lord
 65389 | Zot:2    | Killed Goopaem the pandemonium lord
 65400 | Zot:2    | Noticed Teokh the pandemonium lord
 65410 | Zot:2    | Killed Teokh the pandemonium lord
 65578 | Depths:1 | Noticed Weagiqae the pandemonium lord
 65590 | Depths:1 | Killed Weagiqae the pandemonium lord
 65635 | D:15     | Gained mutation: You occasionally shout uncontrollably at
                  | your foes. [a neqoxec]
 65744 | D:10     | Noticed Jesiy the pandemonium lord
 65759 | D:10     | Killed Jesiy the pandemonium lord
 65765 | D:10     | Noticed Awaprud the pandemonium lord
 65998 | D:$      | Escaped with the Orb!

Illustrated notes

Levels and vault maps discovered:
D:1:      zelgadis_glass_arrival_small, layout_basic,
          hellmonk_ecumenical_altar_leap_of_faith
D:2:      minmay_skewed_foursquare, layout_rooms, minmay_vboxes
D:3:      layout_rooms, serial_shops, nicolae_lakefront_shop, uniq_sigmund
D:4:      layout_loops_cross, bloody_trog, serial_shops, shop,
          lightli_ossuary_entry_decrepit_ruins, minmay_misc_feat_more_columns
D:5:      lemuel_insect_pit, layout_basic, minmay_temple_entry_mist, uniq_pikel
D:6:      layout_rooms, tso_metal_star, uniq_eustachio
D:7:      nicolae_cairo_tiling, layout_cave_pods,
          chequers_temple_overflow_minitemple, nemelex_diamond_rough_becter,
          minivault_5
D:8:      minmay_distorted_concentric_squares, layout_basic,
          fedhas_altar_decomposition
D:9:      layout_rooms, nicolae_ashenzari_skybound, hangedman_decor_peaks_small
D:10:     layout_rooms, minmay_lair_entry_grove, david_orc_4, serial_bayou,
          serial_bayou_ford_a, serial_bayou_lagoon_a, serial_bayou_pond_d,
          serial_bayou_pond_b, enter_bailey_1
D:11:     layout_loops_ring
D:12:     layout_gridville, gauntlet_entry_generic, uniq_nessos
D:13:     layout_basic, hellmonk_vaults_attempted_burglary, serial_shops, shop
D:14:     layout_roguey [special_room_bee], lemuel_coloured_pillars_altar,
          gammafunk_ghost_spectres, minmay_protected_statue
D:15:     hangedman_depths_entry_try_elsewhere_first, layout_basic,
          chequers_serial_rivers_small_a, tgw_xom
Temple:   compressed_dpeg_triangle_lava_temple
Lair:1:   minmay_lair_oklob_chamber, layout_loops_ring, grunt_megastairs_5,
          lemuel_fruit_fields, infiniplex_staircase_pool_2
Lair:2:   layout_small_grid, grunt_megastairs_1
Lair:3:   layout_gridlike, elwin_shoals_entry_stream,
          minmay_snake_entry_six_corridors, grunt_forest_small_clearing_treed
Lair:4:   layout_roguey, grunt_megastairs_3, uniq_sonja
Lair:5:   evilmike_catoblepas_cave, layout_loops_ring,
          minmay_slime_entry_oklob_enclosed, hibernation_bobbens
Shoals:1: layout_shoals, nicolae_shoals_loop_pool, uniq_jorgrun, uniq_donald,
          uniq_mlioglotl
Shoals:2: layout_shoals, uniq_frances
Shoals:3: layout_shoals, nicolae_shoals_the_drawing_of_the_three
Shoals:4: shoals_end_simple, layout_shoals, ebering_ghost_xom, uniq_polyphemus
Snake:1:  layout_misc_corridors, basic_altar, nicolae_snake_magic_snake_eye,
          serial_bayou_shore_b
Snake:2:  layout_onion, serial_bayou_shore_a, nicolae_triple_integral
Snake:3:  layout_misc_corridors, st_stairs_9
Snake:4:  grunt_snake_rune_pools, layout_onion
Slime:1:  layout_caves
Slime:2:  layout_caves, nicolae_slime_crime_time
Slime:3:  layout_caves, nicolae_slime_welcoming_committee
Slime:4:  layout_caves
Slime:5:  slime_pit
Orc:1:    hellmonk_paralyzer, layout_caves, serial_shops,
          nicolae_shop_tiny_statue_garden
Orc:2:    grunt_orc_community_town_hall, layout_diamond_mine,
          grunt_orc_community_big_house_2, grunt_orc_community_big_house_1,
          grunt_orc_community_house_3, grunt_orc_community_house_1,
          grunt_orc_community_house_2, grunt_orc_community_house_3,
          grunt_orc_community_house_2, grunt_orc_community_house_3,
          serial_shops, nicolae_shop_window_shopping, minmay_orc_temple_a
Elf:1:    elf_arrival_001, layout_geoelf_octagon, minmay_elf_sorcery,
          minmay_shoptagon
Elf:2:    nicolae_elf_blades_splatter_lattice [infiniplex_blade_entry_pillars],
          layout_geoelf_grid, serial_shops, nicolae_shop_peninsula
Elf:3:    minmay_elf_hall_quartered_circle, layout_geoelf_octagon, serial_shops,
          shop, serial_sigils_hangedman_snap, uniq_mara, uniq_aizul
Vaults:1: gammafunk_ghost_split, hangedman_vaults_trim, ontoclasm_vaults_spin,
          nicolae_vaults_tetromino_Z_2, v_misc_33, grunt_vaults_bifocal,
          nicolae_vaults_more_shelving_1, nicolae_vaults_murderbox,
          nicolae_vaults_theta, nicolae_vaults_big_ls,
          nicolae_vaults_closet_pinwheel_3, vaults_dpeg_hooks,
          nicolae_vaults_apartment_1, nicolae_vaults_house_2, layout_vaults_ring
Vaults:2: nicolae_vaults_trapezoid_lopsided_2, hangedman_vaults_corner,
          hangedman_vaults_nails, nicolae_vaults_closet_pinwheel_1,
          minmay_crypt_entry_simple_corners, nicolae_vaults_swerve, v_rooms_4,
          nicolae_vaults_tetromino_Z_1, nicolae_vaults_trapezoid_lopsided_3,
          nicolae_vaults_heart-shaped_vault, layout_vaults_omnibox,
          serial_shops, shop, shop
Vaults:3: nicolae_vaults_you_can_take_it_with_you, vaults_room_fancy_cross,
          v_pattern_1, ontoclasm_vaults_loading_screen, v_misc_27, v_misc_30,
          layout_vaults_omnigrid, serial_shops, nicolae_shop_behind_doors
Vaults:4: nicolae_vaults_tangram_2, vaults_room_boxed,
          nicolae_vaults_mini_display_case, grunt_vaults_hallway_long,
          nicolae_vaults_little_squares_6, nicolae_vaults_bisected_exclaves,
          dpeg_vaults_monster_box, layout_vaults_big_room, serial_shops,
          bzr_entry_road, uniq_norris
Vaults:5
Crypt:1:  layout_regular_city, gammafunk_ghost_cemetery, hex_tiny,
          grunt_crypt_arrival_webbed
Crypt:2:  layout_regular_city
Crypt:3:  david_glass_crypt, layout_chaotic_city, tomb_entry_sphere_bobbens,
          uniq_jory
Tomb:1
Tomb:2
Depths:1: layout_long_grid, pf_dread_powers_of_hell, nicolae_ru_awakened_eye,
          okawaru_ov_weapons_minmay, serial_bayou_shore_b, uniq_saint_roka
Depths:2: kennysheep_cluttered_fort, layout_long_grid, enter_ziggurat_e,
          rand_demon_pan_entry_4, pf_hell_entry_tar_river,
          abyss_entry_flame_altar, nicolae_trove_entry_diagonal,
          minmay_misc_feat_columns, lightli_enter_wizlab_magi_temple,
          minmay_staircase_windowed_large, minmay_shop_grove
Depths:3: minmay_isolated_rectangles_in_corner, layout_cross,
          nicolae_uskayaw_en_pointe, hell_entry, abyss_entry,
          minmay_misc_feat_ornament, infiniplex_staircase_pool_lava,
          kennysheep_random_hallway, uniq_margery, uniq_sojobo
Depths:4: grunt_crosshair, layout_cave_pools, grunt_hell_entry_dis_grunt,
          serial_shops, shop, lemuel_doored_altar, minmay_shop_grid_forest
Hell
Geh:1:    layout_gehenna_pools_basic
Geh:2:    layout_gehenna_pools_basic, nicolae_hells_leichenhalle
Geh:3:    layout_gehenna_lava_caves
Geh:4:    hangedman_generic_boss_arena
Zot:1:    kennysheep_bubbly, layout_misc_corridors
Zot:2:    layout_onion, lemuel_baited_zot_trap
Zot:3:    layout_misc_corridors
Zot:4:    layout_twisted_circle, nicolae_transporter_intersection, uniq_parghit,
          uniq_grunn, uniq_vv
Zot:5:    layout_misc_corridors, grunt_ministairs_1, hangedman_feature_mirror

Skill      XL: |  1  2  3  4  5  6  7  8  9 10 11 12 13 14 15 16 17 18 19 20 21 22 23 24 25 26 27 |
---------------+----------------------------------------------------------------------------------+-----
Stealth        | 1 2 3 4 5 6 8 9 10 11 12 13 14 15 | 15.0
Evocations     | 1 2 3 4 5 6 7 8 9 10 11 12 13 14 15 16 17 19 | 19.1
Shields        | 3 4 5 6 7 8 9 10 11 12 13 14 15 16 17 20 | 20.2
Axes           | 3 4 5 6 7 8 9 10 11 12 13 14 15 16 17 18 | 18.0
Throwing       | 1 2 3 4 5 6 7 8 9 10 11 12 13 14 16 | 16.0
Dodging        | 1 2 3 4 5 6 7 8 9 10 11 12 13 14 | 14.5
Fighting       | 4 5 6 7 8 9 10 11 12 13 14 15 16 17 18 19 20 21 23 | 23.4
Armour         | 3 4 5 6 7 8 9 10 11 12 14 15 16 17 19 | 19.0
Invocations    | 2 4 5 6 7 8 9 10 11 12 13 | 13.1
Spellcasting   | 4 7 9 11 13 | 13.9

Action                     |  1- 3 |  4- 6 |  7- 9 | 10-12 | 13-15 | 16-18 | 19-21 | 22-24 | 25-27 || total
---------------------------+-------+-------+-------+-------+-------+-------+-------+-------+-------++-------
  Melee: War axe           |    85 |   147 |   316 |   359 |       |       |       |       |       ||   907
         Broad axe         |       |       |       |   263 |   590 |   925 |   812 |  1030 |  1701 ||  5321
         Flail             |       |       |       |     4 |       |       |       |       |       ||     4
         Constrict         |       |       |       |       |   164 |   263 |   184 |   178 |   261 ||  1050
         Morningstar       |       |       |       |       |       |       |       |       |    34 ||    34
  Throw: Boomerang         |       |       |    19 |    50 |    56 |   154 |   128 |   367 |   743 ||  1517
         Dart              |       |       |       |    10 |     2 |       |       |       |     2 ||    14
         Javelin           |       |       |       |       |     1 |     1 |     8 |     8 |    15 ||    33
 Invoke: Slouch            |       |       |       |       |     4 |     2 |     5 |    17 |    18 ||    46
Ability: Spit Poison       |    26 |     7 |    58 |    70 |    61 |    46 |       |       |       ||   268
  Evoke: Wand              |       |       |       |     3 |     2 |     9 |     1 |     1 |     8 ||    24
         Phial of floods   |       |       |       |       |       |     1 |       |     2 |     3 ||     6
         Condenser vane    |       |       |       |       |       |       |     1 |       |     3 ||     4
         Phantom mirror    |       |       |       |       |       |       |     1 |       |     2 ||     3
         Lightning rod     |       |       |       |       |       |       |       |       |     8 ||     8
         Horn of Geryon    |       |       |       |       |       |       |       |       |     2 ||     2
    Use: Potion            |       |     1 |       |     5 |     1 |     1 |     4 |       |    16 ||    28
         Scroll            |       |       |    12 |    14 |    11 |    11 |     8 |    12 |    13 ||    81
   Stab: Sleeping          |       |       |     1 |     3 |    11 |    32 |    25 |    11 |    12 ||    95
         Distracted        |       |       |       |     1 |       |       |     2 |     3 |     4 ||    10
         Petrified         |       |       |       |       |       |       |     3 |       |       ||     3
         Confused          |       |       |       |       |       |       |       |       |     1 ||     1
 Armour: Scale mail        |    34 |    51 |    74 |   199 |   274 |   469 |   382 |    36 |       ||  1519
         Ring mail         |       |       |    72 |       |       |       |       |       |       ||    72
         Acid dragon scale |       |       |       |     7 |       |       |       |       |       ||     7
         Plate armour      |       |       |       |       |       |       |       |   106 |       ||   106
         Pearl dragon scal |       |       |       |       |       |       |       |   130 |   524 ||   654
         Gold dragon scale |       |       |       |       |       |       |       |       |   168 ||   168
  Dodge: Dodged            |    45 |    75 |   295 |   649 |   587 |   776 |   513 |   415 |  1060 ||  4415
  Block: Buckler           |    13 |    25 |   112 |   227 |   279 |   167 |       |       |       ||   823
         Kite shield       |       |       |       |       |       |   165 |       |       |       ||   165
         Tower shield      |       |       |       |       |       |   736 |  1043 |  1193 |  2493 ||  5465
         Reflection        |       |       |       |       |       |   114 |    46 |    89 |    44 ||   293

Table legend: (Time is in decaauts)
 A = Elapsed time spent in this place.
 B = Non-inter-level travel time spent in this place.
 C = Inter-level travel time spent in this place.
 D = Time resting spent in this place.
 E = Time spent auto-exploring this place.
 F = Levels seen in this place.
 G = Mean time per level.
                   A        B        C        D        E       F      G
               +--------+--------+--------+--------+--------+-----+--------+
         Total | 136676 | 110722 |  25954 |   2532 |  85053 |  68 | 2009.9 |
       Dungeon |  26923 |  20318 |   6605 |    339 |  15443 |  15 | 1794.9 |
        Temple |      1 |      1 |      0 |      0 |      0 |   1 |    1.0 |
          Lair |  13205 |  11312 |   1893 |    175 |   9509 |   5 | 2641.0 |
        Shoals |   7764 |   7104 |    660 |      0 |   5535 |   4 | 1941.0 |
     Snake Pit |   9273 |   8223 |   1050 |    561 |   5960 |   4 | 2318.2 |
    Slime Pits |   7696 |   6524 |   1172 |    123 |   5565 |   5 | 1539.2 |
  Orcish Mines |   3925 |   3296 |    629 |     39 |   2343 |   2 | 1962.5 |
   Elven Halls |   6392 |   5658 |    734 |      0 |   4532 |   3 | 2130.7 |
        Vaults |  17868 |  14647 |   3221 |    529 |  11259 |   5 | 3573.6 |
         Crypt |   7556 |   6093 |   1463 |     62 |   4855 |   3 | 2518.7 |
          Tomb |   3190 |   2731 |    459 |    200 |   1918 |   2 | 1595.0 |
        Depths |  14543 |   7878 |   6665 |      0 |   6394 |   4 | 3635.8 |
          Hell |   1393 |   1186 |    207 |     31 |    750 |   1 | 1393.0 |
       Gehenna |   2045 |   1816 |    229 |      0 |   1559 |   4 |  511.2 |
           Zot |  11201 |  10241 |    960 |    357 |   7957 |   5 | 2240.2 |
        Bazaar |    211 |    211 |      0 |      0 |    142 |   1 |  211.0 |
       Ossuary |    601 |    601 |      0 |      3 |    251 |   1 |  601.0 |
        Bailey |    776 |    776 |      0 |      0 |    367 |   1 |  776.0 |
        Wizlab |   1321 |   1321 |      0 |      0 |    610 |   1 | 1321.0 |
      Gauntlet |    782 |    782 |      0 |    110 |     97 |   1 |  782.0 |
               +--------+--------+--------+--------+--------+-----+--------+

Top non-repeatable levels by time:
Depths:2: 5088 daAuts
Depths:3: 4584 daAuts
Vaults:1: 4544 daAuts
Vaults:5: 3893 daAuts
Vaults:4: 3516 daAuts
Vaults:3: 3294 daAuts
  Lair:5: 3169 daAuts
  Tomb:1: 3153 daAuts
    D:10: 2859 daAuts
    D:13: 2823 daAuts
 Crypt:3: 2823 daAuts
  Lair:1: 2768 daAuts
   Zot:4: 2754 daAuts
Depths:1: 2736 daAuts
 Snake:1: 2723 daAuts
